 Dungeon Crawl Stone Soup version 0.24.0-7-gb3623d2c88 (webtiles) character file.

Game seed: 14203171605564004987, levelgen mode: deterministic

7563 EmberCloud the Carver (level 10, -2/83 HPs)
             Began as a Minotaur Fighter on Nov 2, 2019.
             Was a High Priest of Okawaru.
             Slain by a blink frog (13 damage)
             ... on level 1 of the Lair of Beasts.
             The game lasted 01:00:59 (8043 turns).

EmberCloud the Carver (Minotaur Fighter)            Turns: 8043, Time: 01:01:00

Health: -2/83      AC:  9    Str: 23    XL:     10   Next: 96%
Magic:  12/12      EV: 10    Int: 10    God:    Okawaru [*****.]
Gold:   300        SH: 13    Dex: 11    Spells: 13/13 levels left

rFire    . . .     SeeInvis .   L - +1 scimitar (pain)
rCold    + . .     Gourm    .   c - +0 shield
rNeg     . . .     Faith    .   b - +0 scale mail
rPois    +         Spirit   .   (helmet restricted)
rElec    +         Reflect  +   j - scarf {cloud immunity}
rCorr    .         Harm     .   (no gloves)
MR       .....                  I - +0 pair of boots
Stlth    ..........             H - +2 amulet of reflection
HPRegen  0.23/turn              K - ring "Ecomnel" {*Contam rElec rPois rC+ Int+5}
MPRegen  0.13/turn              u - ring of poison resistance

@: no status effects
A: retaliatory headbutt, horns 2
a: Heroism, Finesse, Renounce Religion


You were on level 1 of the Lair of Beasts.
You worshipped Okawaru.
Okawaru was extremely pleased with you.
You were hungry.

You visited 3 branches of the dungeon, and saw 11 of its levels.
You also visited: Sewer.

You collected 488 gold pieces.
You spent 188 gold pieces at shops.

Inventory:

Hand Weapons
 a - a +0 long sword
 l - a +2 spear of venom
 m - a +0 hunting sling
 s - a +0 scythe
 C - a +3 dagger
 L - a +1 scimitar of pain (weapon)
 S - a +2 hand crossbow of flaming
Missiles
 q - 143 stones
 E - 15 boomerangs (quivered)
 O - 3 atropa-tipped darts
Armour
 b - a +0 scale mail (worn)
 c - a +0 shield (worn)
 j - a scarf of cloud immunity (worn)
 y - a +1 pair of gloves of dexterity
 z - a cursed +0 leather armour
 I - a +0 pair of boots (worn)
Magical Staves
 F - an uncursed staff of death {unknown}
Jewellery
 k - an uncursed amulet of guardian spirit {unknown}
 u - a ring of poison resistance (right hand)
 H - a +2 amulet of reflection (around neck)
 K - the ring "Ecomnel" (left hand) {*Contam rElec rPois rC+ Int+5}
   (You found it on level 6 of the Dungeon)

   [ring of protection from cold]

   It affects your intelligence (+5).
   It protects you from cold.
   It insulates you from electricity.
   It protects you from poison.
   It causes magical contamination when unequipped.
 M - a +4 ring of evasion
 T - a cursed -2 ring of protection {unknown}
Wands
 G - a wand of disintegration (11)
 N - a wand of random effects (20)
 Q - a wand of paralysis (6)
Scrolls
 g - 2 scrolls of remove curse
 p - 2 scrolls of amnesia {unknown}
 v - a scroll of magic mapping {unknown}
 w - 3 scrolls of teleportation {unknown}
 x - 3 scrolls of immolation {unknown}
 R - a scroll of identify
Potions
 d - 2 potions of might
 e - 3 potions of flight {unknown}
 f - a potion of lignification {unknown}
 h - 3 potions of haste {unknown}
 i - a potion of mutation {unknown}
 n - a potion of degeneration {unknown}
 o - 2 potions of invisibility {unknown}
 t - a potion of brilliance {unknown}
 A - a potion of curing
 B - a potion of magic {unknown}
 D - 2 potions of heal wounds {unknown}
 J - a potion of berserk rage {unknown}
 P - a potion of agility {unknown}
Comestibles
 r - 9 rations
 U - 4 chunks of flesh


   Skills:
 + Level 6.2 Fighting
 - Level 14.0 Long Blades
 - Level 3.6(4.3) Polearms
 - Level 3.6(4.3) Staves
 - Level 2.0 Slings
 + Level 6.9 Armour
 + Level 3.1 Dodging
 - Level 0.3 Stealth
 + Level 7.5 Shields
 - Level 3.2 Unarmed Combat
 - Level 2.0 Spellcasting
 - Level 2.6 Evocations


You had 13 spell levels left.
You didn't know any spells.
Your spell library contained the following spells:

 Spells                   Type           Power        Failure   Level  Hunger
 Beastly Appendage        Tmut           #.....       88%         1    ##.....
 Sticks to Snakes         Tmut           #.......     96%         2    ###....
 Spider Form              Tmut/Pois      #.........   99%         3    ####...
 Ice Form                 Ice/Tmut       #.......     100%        4    #####..
 Blade Hands              Tmut           #.........   100%        5    ######.


Dungeon Overview and Level Annotations

Branches:
Dungeon (9/15)             Temple (1/1) D:5            Lair (1/6) D:9
  Sewer (visited)
    Orc: D:9-12

Altars:
Dithmenos
Fedhas
Kikubaaqudgha
Okawaru
Qazlal
Sif Muna
Wu Jian
Xom

Shops:
D:9 (


Innate Abilities, Weirdness & Mutations

You reflexively headbutt those who attack you in melee.
You have a pair of horns on your head.


Message History

You furiously retaliate!
You headbutt the blink frog, but do no damage.
You slash the spiny frog!
You kill the spiny frog!
Okawaru accepts your kill. Something appears at your feet!
Okawaru grants you armour! You block the blink frog's attack. x2
Okay, then.
y - a pair of glowing gloves {god gift} You block the blink frog's attack.
The blink frog barely misses you. You furiously retaliate!
You headbutt the blink frog. The blink frog hits you!
* * * LOW HITPOINT WARNING * * *
The blink frog misses you.
Okay, then.
The blink frog hits you!
Keep equipping yourself?
* * * LOW HITPOINT WARNING * * *
The blink frog hits you!
You die...

.... .##...##.
...............
.......#⌠.....⌠.
#...............
#......#.....#
#.....†.....##
#.....†## ..##..
##.....F##...#..
#...)..@#.....⌠
###.....F#.....
##..........⌠
#P.......#.#
#...........
###.........
##..........
##...........
##............


You could see 2 blink frogs.

Vanquished Creatures
  Gastronok (D:8)
  Pikel (D:4)
  3 spiny frogs (Lair:1)
  Prince Ribbit (D:7)
  3 hippogriffs
  A blink frog (Lair:1)
  A spriggan (D:7)
  Sigmund (D:2)
  A hungry ghost (D:7)
  A water moccasin (D:6)
  Duvessa (D:7)
  A porcupine (Lair:1)
  A hornet zombie (D:9)
  An ice beast (D:6)
  3 ogres
  2 phantoms (D:5)
  2 necrophages
  2 big kobolds (Sewer)
  2 bullfrogs (D:6)
  Blork the orc (D:7)
  Dowan (D:7)
  3 scorpions
  4 killer bees (D:8)
  3 howler monkeys (D:8)
  3 crimson imps
  A bullfrog zombie (D:8)
  2 quasits
  A hound (D:6)
  3 jellies
  2 centaur zombies (D:6)
  An orc priest (D:9)
  6 orc wizards
  4 bullfrog skeletons
  3 iguanas
  5 worker ants
  2 hound skeletons
  A worker ant zombie (D:5)
  9 adders
  10 gnolls
  A river rat (Sewer)
  3 shadow imps
  4 oozes
  An adder zombie (D:8)
  4 worms
  2 dart slugs
  8 leopard geckos
  26 orcs
  5 giant cockroaches
  9 goblins
  6 hobgoblins
  15 jackals
  9 quokkas
  6 ball pythons
  8 bats
  5 frilled lizards
  2 jackal skeletons (D:4)
  9 kobolds
  12 rats
  A fungus (D:9)
230 creatures vanquished.

Notes
Turn   | Place    | Note
-------+----------+-------------------------------------------
     0 | D:1      | EmberCloud the Minotaur Fighter began the quest for the
                  | Orb.
     0 | D:1      | Reached XP level 1. HP: 19/19 MP: 0/0
    72 | D:1      | Reached XP level 2. HP: 27/27 MP: 1/1
   381 | D:1      | Reached skill level 3 in Long Blades
   534 | D:1      | Reached XP level 3. HP: 33/33 MP: 2/2
  1237 | D:2      | Reached XP level 4. HP: 40/40 MP: 3/3
  1283 | D:2      | Noticed Sigmund
  1293 | D:2      | Killed Sigmund
  1293 | D:2      | Reached skill level 4 in Long Blades
  1293 | D:2      | Reached skill level 1 in Slings
  1293 | D:2      | Reached skill level 1 in Dodging
  1293 | D:2      | Reached skill level 5 in Shields
  1293 | D:2      | Reached XP level 5. HP: 37/46 MP: 4/4
  1396 | D:2      | Found a faded altar of an unknown god.
  2011 | D:3      | Found a glowing drain.
  2021 | D:3      | Reached XP level 6. HP: 45/52 MP: 5/5
  2032 | Sewer    | Entered a sewer
  2074 | Sewer    | Reached skill level 5 in Armour
  2775 | D:4      | Reached skill level 5 in Long Blades
  2809 | D:4      | Noticed Pikel
  2809 | D:4      | Noticed a slave
  2809 | D:4      | Noticed a slave
  2809 | D:4      | Noticed a slave
  2810 | D:4      | Noticed a slave
  2841 | D:4      | Killed Pikel
  2841 | D:4      | Reached skill level 8 in Long Blades
  2841 | D:4      | Reached XP level 7. HP: 14/60 MP: 6/6
  2864 | D:4      | Found a shadowy altar of Dithmenos.
  2989 | D:4      | Reached XP level 8. HP: 47/67 MP: 7/7
  3066 | D:4      | Reached skill level 9 in Long Blades
  3727 | D:5      | Entered Level 5 of the Dungeon
  3764 | D:5      | Found a staircase to the Ecumenical Temple.
  4020 | Temple   | Entered the Ecumenical Temple
  4056 | Temple   | Became a worshipper of Warmaster Okawaru
  4167 | D:5      | Reached skill level 10 in Long Blades
  4275 | D:5      | Reached skill level 11 in Long Blades
  4523 | D:6      | Reached * piety under Okawaru
  4547 | D:6      | Found a blossoming altar of Fedhas.
  4616 | D:6      | Reached skill level 12 in Long Blades
  4616 | D:6      | Reached XP level 9. HP: 41/72 MP: 5/8
  4701 | D:6      | Found an ornate altar of the Wu Jian Council.
  4772 | D:6      | Got a fine iron ring
  4773 | D:6      | Identified the ring "Ecomnel" {*Contam rElec rPois rC+
                  | Int+5} (You found it on level 6 of the Dungeon)
  5397 | D:7      | Reached skill level 13 in Long Blades
  5488 | D:7      | Found a stormy altar of Qazlal.
  5494 | D:7      | Noticed Prince Ribbit
  5509 | D:7      | Killed Prince Ribbit
  5509 | D:7      | Reached ** piety under Okawaru
  5567 | D:7      | Noticed Duvessa
  5575 | D:7      | Killed Duvessa
  5576 | D:7      | Noticed Dowan
  5577 | D:7      | Killed Dowan
  5577 | D:7      | Reached skill level 14 in Long Blades
  5713 | D:7      | Reached skill level 1 in Staves
  5956 | D:7      | Reached skill level 1 in Polearms
  6013 | D:7      | Noticed Blork the orc
  6019 | D:7      | Found a shimmering blue altar of Sif Muna.
  6112 | D:8      | Reached skill level 1 in Unarmed Combat
  6121 | D:8      | Noticed Gastronok
  6137 | D:8      | Killed Gastronok
  6137 | D:8      | Reached *** piety under Okawaru
  6137 | D:8      | Reached **** piety under Okawaru
  6137 | D:8      | Reached skill level 1 in Spellcasting
  6137 | D:8      | Reached XP level 10. HP: 57/80 MP: 8/11
  6619 | D:8      | Reached skill level 5 in Fighting
  6644 | D:8      | Reached ***** piety under Okawaru
  7692 | D:7      | Killed Blork the orc
  7759 | D:9      | Found Lofeug's Antique Weapon Boutique.
  7825 | D:9      | Bought a runed hand crossbow for 188 gold pieces
  7925 | D:9      | Found a staircase to the Lair.
  7952 | Lair:1   | Entered Level 1 of the Lair of Beasts
  8001 | Lair:1   | Noticed a spiny frog
  8012 | Lair:1   | Killed a spiny frog
  8012 | Lair:1   | Noticed a spiny frog
  8016 | Lair:1   | Noticed a spiny frog
  8035 | Lair:1   | Killed a spiny frog
  8041 | Lair:1   | Killed a spiny frog
  8041 | Lair:1   | Received a gift from Okawaru
  8043 | Lair:1   | Slain by a blink frog

Levels and vault maps discovered:
D:1:      minmay_arrival_three_doors, layout_loops_cross, minmay_unequal
D:2:      layout_basic, chequers_ecumenical_altar_simple, uniq_sigmund
D:3:      layout_loops_corners, portal_sewer_entry_d,
          minmay_fractal_squares_diagonal_5
D:4:      layout_basic, nicolae_dithmenos_through_a_glass_darkly, first_ration,
          uniq_pikel
D:5:      layout_rooms, minmay_temple_entry_antechambers
D:6:      layout_cave_pods, nicolae_overflow_crystal_walls,
          lemuel_coloured_pillars_altar
D:7:      layout_loops_cross, tgw_sif, the_bakery,
          nicolae_qazlal_style_of_elements, uniq_duvessa, uniq_prince_ribbit1
D:8:      layout_layer_cave, st_stairs_3, uniq_gastronok
D:9:      layout_cave_pools, dpeg_oklobed_lair, serial_shops,
          nicolae_shop_crystal, minivault_4, uniq_psyche
Temple:   hc_temple_tempest_star
Lair:1:   layout_hall_layers, minmay_lair_oklob_chamber, grunt_megastairs_5

Skill      XL: |  1  2  3  4  5  6  7  8  9 10 |
---------------+-------------------------------+-----
Shields        | 4 5 7 |  7.5
Long Blades    | 3 4 8 12 14 | 14.0
Armour         | 4 5 6 |  6.9
Fighting       | 4 6 |  6.2
Slings         | 1 2 |  2.0
Dodging        | 1 3 |  3.1
Staves         | 3 |  3.6
Polearms       | 3 |  3.6
Unarmed Combat | 3 |  3.2
Spellcasting   | 1 2 |  2.0
Evocations     | 2 |  2.6
Stealth        | |  0.3

Action                   |  1- 3 |  4- 6 |  7- 9 | 10-12 || total
-------------------------+-------+-------+-------+-------++-------
Melee: Long sword        |    82 |   171 |   204 |       ||   457
       Headbutt          |    12 |    26 |    68 |    29 ||   135
       Scimitar          |       |       |   111 |   164 ||   275
 Fire: Hunting sling     |     7 |       |       |       ||     7
Throw: Boomerang         |       |       |     6 |    19 ||    25
       Stone             |       |       |     1 |       ||     1
Invok: Heroism           |       |       |     2 |     1 ||     3
  Use: Scroll            |       |     6 |     1 |     2 ||     9
       Potion            |       |       |       |     4 ||     4
 Stab: Held in net/web   |       |       |     2 |       ||     2
  Eat: Ration            |     1 |       |     4 |     1 ||     6
       Chunk             |       |     3 |     2 |       ||     5
Armor: Scale mail        |    30 |    46 |    79 |    42 ||   197
Dodge: Dodged            |    28 |    50 |    58 |    43 ||   179
Block: Shield            |    42 |    70 |   184 |    92 ||   388
       Reflection        |       |       |     2 |     2 ||     4
       Rpst.: Long sword |     8 |     9 |     5 |       ||    22
       Scimitar          |       |       |     6 |     6 ||    12
